 Dungeon Crawl Stone Soup version 0.28-a0-194-g42b4daccc1 (webtiles) character file.

Game seed: 2122019790636516665

6402 siradein the Carver (level 10, -25/71 HPs)
             Began as a Demonspawn Berserker on Aug 19, 2021.
             Was an Elder of Trog.
             Annihilated by an enormous slime creature (52 damage)
             ... on level 9 of the Dungeon.
             The game lasted 00:19:27 (9181 turns).

siradein the Carver (Demonspawn Berserker)          Turns: 9181, Time: 00:19:27

Health: -25/71     AC:  9    Str: 26    XL:     10   Next: 66%
Magic:  10/10      EV: 15    Int:  8    God:    Trog [****..]
Gold:   346        SH:  0    Dex: 14    Spells: 9/9 levels left

rFire   . . .      SeeInvis .   y - +3 falchion (elec)
rCold   . . .      Faith    +   (no shield)
rNeg    . . .      Spirit   .   j - +2 leather armour {Will+}
rPois   +          Reflect  .   (no helmet)
rElec   .          Harm     .   p - +2 cloak
rCorr   .          Rampage  .   o - +0 pair of gloves
Will    +....                   (no boots)
Stlth   +.........              D - amulet of faith
HPRegen 0.21/turn               x - ring of poison resistance
MPRegen 0.12/turn               r - +6 ring of strength

@: mighty, on berserk cooldown, slowed, studying Axes, very slow
A: claws 1, repulsion field 2, powered by death 2, powered by pain 1
a: Renounce Religion, Berserk, Trog's Hand, Brothers in Arms


You were on level 9 of the Dungeon.
You worshipped Trog.
Trog was greatly pleased with you.
You visited 1 branch of the dungeon, and saw 9 of its levels.

You collected 484 gold pieces.
You spent 138 gold pieces at shops.

Inventory:

Hand Weapons
 y - a +3 falchion of electrocution (weapon)
Missiles
 l - 60 poisoned darts (quivered)
Armour
 g - a scarf of repulsion
 j - a +2 leather armour of willpower (worn)
 o - a +0 pair of gloves (worn)
 p - a +2 cloak (worn)
Jewellery
 r - a +6 ring of strength (right hand)
 x - a ring of poison resistance (left hand)
 D - an amulet of faith (around neck)
 G - a ring of positive energy
 H - a ring of protection from fire
 I - a ring of fire
Wands
 a - a wand of paralysis (24)
 s - a wand of iceblast (47)
 u - a wand of acid (7)
 J - a wand of polymorph (10)
Scrolls
 b - 2 scrolls of blinking
 c - a scroll of immolation {unknown}
 d - 3 scrolls of enchant armour {unknown}
 e - a scroll of vulnerability
 f - a scroll of brand weapon {unknown}
 h - 5 scrolls of teleportation
 t - a scroll of fear {unknown}
 B - a scroll of holy word {unknown}
 C - 5 scrolls of identify
 F - a scroll of amnesia {unknown}
Potions
 i - 3 potions of heal wounds
 k - 2 potions of lignification
 m - a potion of ambrosia {unknown}
 n - 2 potions of degeneration {unknown}
 q - 5 potions of curing
 v - a potion of invisibility {unknown}
 w - a potion of mutation {unknown}
 z - 2 potions of haste {unknown}
 A - a potion of brilliance {unknown}
 E - a potion of magic {unknown}


   Skills:
 + Level 3.7 Fighting
 - Level 14.0 Long Blades
 + Level 2.6 Armour
 + Level 2.6 Dodging
 + Level 2.0 Evocations


You had 9 spell levels left.
You didn't know any spells.
Your spell library was empty.

Dungeon Overview and Level Annotations

Branches:
Dungeon (9/15)             Temple (0/1) D:7
   Lair: D:8-11         Orc: D:9-12

Altars:
Ashenzari
Cheibriados
Dithmenos
Makhleb
Ru
Trog
Vehumet
Zin

Shops:
D:1 =(   D:5 (


Innate Abilities, Weirdness & Mutations

You have sharp fingernails.
You are surrounded by a moderate repulsion field. (EV +3)
You regenerate health from kills.
You sometimes gain a little power by taking damage.


Message History

As you open the door, it creaks loudly! 6 slime creatures come into view.
The slime creature quivers. x4
Found 27 gold pieces and a scroll labelled ALAEKH IWEPP.
Found an escape hatch in the floor.
Two slime creatures merge to form a large slime creature.
Two slime creatures merge to form a very large slime creature.
Two slime creatures merge to form an enormous slime creature.
Two slime creatures merge to form a large slime creature.
A red film seems to cover your vision as you go berserk!
You feel yourself moving faster!
You feel mighty!
You slash the enormous slime creature!
Lightning courses through the enormous slime creature!
The enormous slime creature is lightly wounded.
The enormous slime creature closely misses you.
You slash the enormous slime creature!
The enormous slime creature is lightly wounded.
You slash the enormous slime creature!
The enormous slime creature is moderately wounded.
The enormous slime creature hits you!!!
Ouch! That really hurt!
You focus on the pain.
You feel very mighty all of a sudden.
You are too injured to fight recklessly!
You are too injured to fight recklessly!
You are too injured to fight recklessly!
You are too berserk!
Okay, then.
There is an open door here.
You feel a strong urge to attack something.
You feel your anger nearly subside.
You are no longer berserk.
You are exhausted.
You feel yourself slow down.
There is an open door here.
Two slime creatures merge to form an enormous slime creature.
You fail to use your ability.
Your ogre goes berserk!
The enormous slime creature hits you!!!
Ouch! That really hurt!
You die...

###+# #P.....)≈≈≈≈.###...
......### ###.......≈≈....##...
.$J...'.## #......>#...≈...##...
.J....#..####.#....##.#.#...##...
...?. ##.J..'.#.........###..'...
...J ######.#######†#.# ##... .J.
#......J..#.# #... ## #######'###
# #### #.O.@J..# ##'#########
#..........# #..........#
#..........#
#...[.†....###########
#..........'..........
#..........##########.
#..........# ##


You could see an enormous slime creature (ally target) and a friendly ogre
(summoned, berserk).

Vanquished Creatures
  A two-headed ogre (D:9)
  A phantasmal warrior (D:9)
  A gargoyle (D:5)
  A freezing wraith (D:9)
  A troll (D:7)
  Grinder (D:5)
  4 yaks (D:9)
  A wyvern (D:9)
  3 steam dragons
  A water moccasin (D:5)
  6 orc warriors
  An ice beast (D:5)
  2 sky beasts
  3 necrophages
  An ogre (D:4)
  A black bear (D:8)
  3 centaurs
  A phantom (D:5)
  A kobold brigand (D:8)
  Blork the orc (D:5)
  A bullfrog (D:7)
  4 scorpions
  A wyvern zombie (D:8)
  A wyvern skeleton (D:6)
  A wight (D:9)
  A howler monkey (D:5)
  A centaur zombie (D:9)
  A crimson imp (D:5)
  3 bullfrog zombies
  5 hounds
  3 orc priests
  2 jellies
  Crazy Yiuf (D:7)
  A gnoll shaman (D:8)
  A centaur skeleton (D:5)
  3 iguanas
  2 orc wizards (D:8)
  A scorpion zombie (D:5)
  A killer bee zombie (D:8)
  A hound skeleton (D:4)
  A howler monkey zombie (D:9)
  8 gnolls
  3 adders
  2 shadow imps
  2 ufetubi
  2 worms
  5 dart slugs
  22 orcs
  11 ball pythons
  9 bats
  3 endoplasms
  9 giant cockroaches
  7 goblins
  8 hobgoblins
  A jackal (D:4)
  2 quokkas
  3 frilled lizards
  14 kobolds
  7 rats
189 creatures vanquished.

Vanquished Creatures (others)
  A white imp (D:6)
  An orc (D:6)
  8 withered plants (D:9)
10 creatures vanquished.

Grand Total: 199 creatures vanquished

Notes
Turn   | Place    | Note
-------+----------+-------------------------------------------
     0 | D:1      | siradein the Demonspawn Berserker began the quest for the
                  | Orb.
     0 | D:1      | Reached XP level 1. HP: 18/18 MP: 1/1
   287 | D:1      | Reached skill level 3 in Long Blades
   358 | D:1      | Found Xicarastro's Jewellery Shoppe.
   367 | D:1      | Gained mutation: You are surrounded by a mild repulsion
                  | field. (EV +2) [demonic ancestry]
   367 | D:1      | Reached XP level 2. HP: 19/24 MP: 2/2
   459 | D:1      | Found Jogonn's Weapon Emporium.
   484 | D:1      | Found a faded altar of an unknown god.
   940 | D:1      | Reached XP level 3. HP: 29/29 MP: 3/3
  1604 | D:2      | Reached skill level 4 in Long Blades
  1607 | D:2      | Reached ** piety under Trog
  1803 | D:2      | Found a shadowy altar of Dithmenos.
  1810 | D:2      | Noticed a necrophage
  1837 | D:2      | Killed a necrophage
  1838 | D:2      | Reached skill level 5 in Long Blades
  1838 | D:2      | Reached XP level 4. HP: 12/35 MP: 4/4
  1838 | D:2      | Gained mutation: You sometimes gain a little power by
                  | taking damage. [demonic ancestry]
  1838 | D:2      | Reached XP level 5. HP: 15/41 MP: 5/5
  3053 | D:3      | Noticed a sky beast
  3067 | D:3      | Killed a sky beast
  3068 | D:3      | Reached skill level 6 in Long Blades
  3068 | D:3      | Gained mutation: You are surrounded by a moderate repulsion
                  | field. (EV +3) [demonic ancestry]
  3068 | D:3      | Reached XP level 6. HP: 47/47 MP: 6/6
  3248 | D:4      | Reached skill level 7 in Long Blades
  3506 | D:4      | Gained mutation: You regenerate a little health from kills.
                  | [demonic ancestry]
  3506 | D:4      | Reached XP level 7. HP: 52/52 MP: 7/7
  3817 | D:4      | Reached skill level 8 in Long Blades
  4044 | D:4      | Reached *** piety under Trog
  4184 | D:5      | Entered Level 5 of the Dungeon
  4184 | D:5      | Found Hixayry's Antique Weapon Boutique.
  4199 | D:5      | Reached skill level 9 in Long Blades
  4199 | D:5      | Gained mutation: You regenerate health from kills. [demonic
                  | ancestry]
  4199 | D:5      | Reached XP level 8. HP: 43/58 MP: 8/8
  4277 | D:5      | Noticed a gargoyle
  4288 | D:5      | Killed a gargoyle
  4289 | D:5      | Reached skill level 10 in Long Blades
  4423 | D:5      | Bought a runed falchion for 138 gold pieces
  4710 | D:5      | Found a broken altar of Ashenzari.
  4803 | D:5      | Noticed Grinder
  4816 | D:5      | Killed Grinder
  4860 | D:5      | Found a bloodstained altar of Trog.
  5525 | D:5      | Reached skill level 11 in Long Blades
  5525 | D:5      | Reached XP level 9. HP: 47/63 MP: 9/9
  6092 | D:6      | Noticed Blork the orc
  6116 | D:5      | Killed Blork the orc
  6517 | D:6      | Found a burning altar of Makhleb.
  6518 | D:6      | Found a radiant altar of Vehumet.
  6621 | D:7      | Noticed a troll
  6643 | D:7      | Killed a troll
  6644 | D:7      | Reached skill level 12 in Long Blades
  6842 | D:7      | Found a staircase to the Ecumenical Temple.
  7000 | D:7      | Found a runed translucent door.
  7001 | D:7      | Noticed Crazy Yiuf
  7494 | D:7      | Killed Crazy Yiuf
  7727 | D:8      | Reached **** piety under Trog
  7769 | D:8      | Paralysed by an orc for 4 turns
  8016 | D:8      | Reached skill level 13 in Long Blades
  8360 | D:9      | Gained mutation: You have sharp fingernails. [demonic
                  | ancestry]
  8360 | D:9      | Reached XP level 10. HP: 70/70 MP: 10/10
  8368 | D:9      | Noticed a two-headed ogre
  8384 | D:9      | Killed a two-headed ogre
  8432 | D:9      | Found a sacrificial altar of Ru.
  8434 | D:9      | Found a snail-covered altar of Cheibriados.
  8521 | D:9      | Noticed a phantasmal warrior
  8532 | D:9      | Killed a phantasmal warrior
  8735 | D:9      | Noticed a death knight
  8987 | D:9      | Reached skill level 14 in Long Blades
  9108 | D:9      | Reached skill level 1 in Evocations
  9181 | D:9      | Annihilated by an enormous slime creature

Illustrated notes

Levels and vault maps discovered:
D:1:      wander_arrival_lonely_grave, layout_basic, serial_shops, shop, shop,
          shapermc_ecumenical_altar_ellora, chequers_avenue
D:2:      layout_basic, basic_altar
D:3:      layout_basic, serial_corexii_hall, corexii_hall_statues_i,
          corexii_hall_statues_x, dk_noncrumbling_3
D:4:      cheibrodos_barr_body, layout_rooms
D:5:      layout_loops_ring, mainiacjoe_overflow_paths, lemuel_doored_altar,
          serial_shops, nicolae_shop_crystal, minmay_manual_maat, uniq_grinder
D:6:      layout_rooms, grunt_temple_overflow_lords_of_destruction,
          uniq_blork_the_orc
D:7:      layout_gridville, lemuel_round_altar, minmay_temple_entry_trees,
          st_stairs_4, uniq_crazy_yiuf_cottage
D:8:      layout_loops_cross, minmay_misc_feat_encased
D:9:      layout_roguey, jmf_multi_god_temple, serial_undead, serial_undead_e,
          serial_undead_e, serial_undead_f, serial_undead_b, uniq_erica

Skill      XL: |  1  2  3  4  5  6  7  8  9 10 |
---------------+-------------------------------+-----
Long Blades    | 3 5 6 7 9 11 13 14 | 14.0
Armour         | 2 |  2.6
Dodging        | 2 |  2.6
Evocations     | 2 |  2.0
Fighting       | |  3.7

Action                   |  1- 3 |  4- 6 |  7- 9 | 10-12 || total
-------------------------+-------+-------+-------+-------++-------
Melee: Falchion          |   126 |   117 |   367 |    87 ||   697
Invok: Berserk           |     1 |     2 |     4 |     3 ||    10
       Trog's Hand       |       |     2 |     3 |     1 ||     6
       Brothers in Arms  |       |       |       |     1 ||     1
  Use: Scroll            |       |       |     6 |       ||     6
 Stab: Distracted        |       |       |       |     1 ||     1
Armor: Animal skin       |    15 |       |       |       ||    15
       Leather armour    |    11 |    39 |   126 |    15 ||   191
Dodge: Dodged            |    96 |    78 |   318 |    52 ||   544
       Repelled          |     2 |       |       |       ||     2
       Rpst.: Falchion   |    23 |    24 |    94 |    17 ||   158

Table legend: (Time is in decaauts)
 A = Elapsed time spent in this place.
 B = Non-inter-level travel time spent in this place.
 C = Inter-level travel time spent in this place.
 D = Time resting spent in this place.
 E = Time spent auto-exploring this place.
 F = Levels seen in this place.
 G = Mean time per level.
                   A        B        C        D        E       F      G
               +--------+--------+--------+--------+--------+-----+--------+
         Total |   9187 |   8925 |    262 |   1186 |   6148 |   9 | 1020.8 |
       Dungeon |   9187 |   8925 |    262 |   1186 |   6148 |   9 | 1020.8 |
               +--------+--------+--------+--------+--------+-----+--------+

Top non-repeatable levels by time:
     D:5: 1700 daAuts
     D:1: 1623 daAuts
     D:3: 1035 daAuts
     D:4: 979 daAuts
     D:7: 968 daAuts
     D:8: 939 daAuts
     D:6: 711 daAuts
     D:9: 635 daAuts
     D:2: 594 daAuts
